 Dungeon Crawl Stone Soup version 0.24-a0-784-g601f8f6 (webtiles) character file.

Game seed: 2331271008752814140, levelgen mode: deterministic

297324 DrEnzyme the Marksnaga (level 20, 0/194 HPs)
             Began as a Naga Wanderer on Oct 8, 2019.
             Was a Priest of Cheibriados.
             Slain by a deep troll (8 damage)
             ... on level 1 of the Depths on Oct 9, 2019.
             The game lasted 02:47:52 (55226 turns).

DrEnzyme the Marksnaga (Naga Wanderer)             Turns: 55226, Time: 02:47:52

Health: 0/194      AC: 48    Str: 26    XL:     20   Next: 93%
Magic:  23/23      EV:  7    Int: 33    God:    Cheibriados [***...]
Gold:   1715       SH:  5    Dex: 23    Spells: 17/23 levels left

rFire    + . .     SeeInvis +   P - +5 longbow
rCold    + . .     Gourm    .   (shield currently unavailable)
rNeg     . . .     Faith    .   Z - +13 storm dragon scales of the Depths {rElec Slay+2}
rPois    +         Spirit   .   k - +2 hat
rElec    +         Reflect  +   c - +2 cloak
rCorr    .         Harm     .   z - +2 pair of gloves {archery}
MR       ++++.                  L - +4 naga barding
Stlth    ++++......             E - +5 amulet of reflection
HPRegen  0.42/turn              G - ring of the Mage {Wiz MR++ Int+3}
MPRegen  0.18/turn              X - ring of Xom's Passing Interest {rPois rF+ rC+ Int+9}

@: very slightly contaminated, studying Transmutations, very slow
A: large, claws 1, horns 1, see invisible, deformed body, low mp 2, poison
resistance, slowness 2, slow metabolism 1, spit poison 1, strong 1, constrict 1,
AC +6
}: 2/15 runes: decaying, serpentine
a: Spit Poison, Bend Time, Temporal Distortion, Renounce Religion


You were on level 1 of the Depths.
You worshipped Cheibriados.
Cheibriados was most pleased with you.
You were not hungry.

You visited 8 branches of the dungeon, and saw 36 of its levels.
You visited the Abyss 1 time.
You also visited: Sewer.

You collected 4836 gold pieces.
You spent 3121 gold pieces at shops.

Inventory:

Hand Weapons
 h - a +3 shortbow of freezing
 F - a +4 dire flail
 P - a +5 longbow (weapon)
Missiles
 b - 651 arrows (quivered)
 e - 2 throwing nets
Armour
 c - a +2 cloak (worn)
 k - a +2 hat (worn)
 z - a +2 pair of gloves of archery (worn)
 L - a +4 naga barding (worn)
 N - the +1 pair of gloves "Tale" {rElec rPois rF++ Int-2}
   (You found it on level 1 of the Swamp)

   It affects your intelligence (-2).
   It greatly protects you from fire.
   It insulates you from electricity.
   It protects you from poison.
 Z - the +13 storm dragon scales of the Depths (worn) {rElec Slay+2}
   (You took it off a deep elf high priest on level 3 of the Elven Halls)

   It affects your accuracy and damage with ranged weapons and melee attacks
   (+2).
   It insulates you from electricity.
Jewellery
 o - an uncursed ring of resist corrosion
 E - a +5 amulet of reflection (around neck)
 G - the ring of the Mage (left hand) {Wiz MR++ Int+3}
   (You bought it in a shop on level 2 of the Snake Pit)

   [ring of wizardry]

   It improves your spell success rate.
   It affects your intelligence (+3).
   It affects your resistance to hostile enchantments.
 J - an uncursed ring of flight
 Q - an uncursed ring of fire
 T - a +6 ring of strength
 W - an uncursed amulet of magic regeneration
 X - the ring of Xom's Passing Interest (right hand) {rPois rF+ rC+ Int+9}
   (You found it on level 14 of the Dungeon)

   [ring of protection from fire]

   It affects your intelligence (+9).
   It protects you from fire.
   It protects you from cold.
   It protects you from poison.
Wands
 a - a wand of scattershot (5)
 u - a wand of acid (2)
 A - a wand of digging (8)
Scrolls
 d - 14 scrolls of remove curse
 i - 8 scrolls of identify
 n - 7 scrolls of amnesia
 s - 2 scrolls of enchant armour
 t - 6 scrolls of immolation
 H - a scroll of silence
 Y - a scroll of magic mapping
Potions
 l - 4 potions of might
 m - 9 potions of brilliance
 v - a potion of cancellation
 w - 2 potions of magic
 x - a potion of ambrosia
 y - 3 potions of resistance
 D - 5 potions of curing
 K - a potion of invisibility
 M - 4 potions of agility
 R - 3 potions of mutation
Books
 B - a manual of Transmutations
Miscellaneous
 p - a phial of floods (inert)
 U - a lamp of fire (inert)
Comestibles
 f - 42 rations


   Skills:
 + Level 15.1 Fighting
 + Level 1.4 Maces & Flails
 * Level 20.9 Bows
 + Level 11.4 Armour
 + Level 3.8 Dodging
 + Level 16.3 Stealth
 + Level 2.1 Spellcasting
 + Level 2.7 Conjurations
 + Level 0.3 Translocations
 + Level 12.8 Invocations
 * Level 10.9 Evocations


You had 17 spell levels left.
You knew the following spells:

 Your Spells              Type           Power        Failure   Level  Hunger
a - Magic Dart            Conj           ###.         3%          1    None
b - Ozocubu's Armour      Chrm/Ice       #.......     32%         3    ###....
c - Blink                 Tloc           N/A          16%         2    ##.....

Your spell library contained the following spells:

 Spells                   Type           Power        Failure   Level  Hunger
 Sting                    Conj/Pois      ##..         6%          1    None
 Animate Skeleton         Necr           N/A          12%         1    None
 Confusing Touch          Hex            #.....       12%         1    None
 Freeze                   Ice            #...         12%         1    None
 Pain                     Necr           #...         12%         1    None
 Sandblast                Erth           #.....       12%         1    None
 Summon Butterflies       Summ           #.......     12%         1    None
 Summon Small Mammal      Summ           #...         12%         1    None
 Call Imp                 Summ           #.......     16%         2    ##.....
 Passwall                 Tmut/Erth      #.......     16%         2    ##.....
 Poisonous Vapours        Pois/Air       #.....       16%         2    ##.....
 Shroud of Golubria       Chrm/Tloc      #.....       16%         2    ##.....
 Slow                     Hex            #.......     16%         2    ##.....
 Swiftness                Chrm/Air       #.......     16%         2    ##.....
 Conjure Flame            Conj/Fire      ##......     19%         3    ###....
 Stone Arrow              Conj/Erth      ##....       19%         3    ###....
 Mephitic Cloud           Conj/Pois/Air  #.......     22%         3    ###....
 Gell's Gravitas          Tloc           #.........   28%         3    ###....
 Portal Projectile        Hex/Tloc       #.....       30%         3    ###....
 Recall                   Summ/Tloc      N/A          30%         3    ###....
 Call Canine Familiar     Summ           #.......     32%         3    ###....
 Confuse                  Hex            #.......     32%         3    ###....
 Regeneration             Chrm/Necr      #.........   32%         3    ###....
 Spectral Weapon          Hex/Chrm       #.......     32%         3    ###....
 Spider Form              Tmut/Pois      #.........   32%         3    ###....
 Summon Guardian Golem    Hex/Summ       #.......     32%         3    ###....
 Vampiric Draining        Necr           #.........   32%         3    ###....
 Force Lance              Conj/Tloc      ##......     50%         4    ####...
 Passage of Golubria      Tloc           N/A          65%         4    ####...
 Animate Dead             Necr           N/A          69%         4    ####...
 Cause Fear               Hex            #.........   69%         4    ####...
 Olgreb's Toxic Radiance  Pois           #.......     69%         4    ####...
 Petrify                  Tmut/Erth      #.......     69%         4    ####...
 Summon Ice Beast         Ice/Summ       #.......     69%         4    ####...
 Summon Lightning Spire   Summ/Air       #.......     69%         4    ####...
 Irradiate                Conj/Tmut      ##........   85%         5    ######.
 Iskenderun's Battlesphe  Conj/Chrm      ##......     85%         5    ######.
 Venom Bolt               Conj/Pois      ##........   85%         5    ######.
 Bolt of Magma            Conj/Fire/Erth #.........   88%         5    ######.
 Summon Forest            Summ/Tloc      #.........   94%         5    ######.
 Aura of Abjuration       Summ           #.........   95%         5    ######.
 Borgnjor's Vile Clutch   Necr/Erth      #.........   95%         5    ######.
 Lee's Rapid Deconstruct  Erth           #.........   95%         5    ######.
 Metabolic Englaciation   Hex/Ice        #.........   95%         5    ######.
 Silence                  Hex/Air        #.........   95%         5    ######.
 Summon Demon             Summ           #.........   95%         5    ######.
 Summon Mana Viper        Hex/Summ       #.......     95%         5    ######.
 Yara's Violent Unravell  Hex/Tmut       #.........   95%         5    ######.
 Bolt of Cold             Conj/Ice       ##........   100%        6    #######
 Conjure Ball Lightning   Conj/Air       ##........   100%        6    #######
 Darkness                 Hex            #.........   100%        6    #######
 Deflect Missiles         Chrm/Air       #.........   100%        6    #######
 Dispersal                Tloc           #.........   100%        6    #######
 Freezing Cloud           Conj/Ice/Air   #.........   100%        6    #######
 Hydra Form               Tmut           #.........   100%        6    #######
 Invisibility             Hex            #.......     100%        6    #######
 Iron Shot                Conj/Erth      ##........   100%        6    #######
 Shadow Creatures         Summ           N/A          100%        6    #######
 Statue Form              Tmut/Erth      #........    100%        6    #######
 Dragon Form              Tmut           #.........   100%        7    #######
 Orb of Destruction       Conj           ###.......   100%        7    #######
 Ring of Flames           Chrm/Fire      #.........   100%        7    #######
 Spellforged Servitor     Conj/Summ      ##........   100%        7    #######
 Controlled Blink         Tloc           N/A          100%        8    #######
 Discord                  Hex            #.........   100%        8    #######
 Disjunction              Tloc           #.........   100%        8    #######


Dungeon Overview and Level Annotations

Branches:
Dungeon (15/15) Temple (1/1) D:5 Lair (6/6) D:9 Swamp (4/4) Lair:2 Snake (4/4) Lair:2 Slime (0/5) Lair:6 Orc (2/2) D:10 Elf (3/3) Orc:2 Vaults (0/5) D:12 D:13 Depths (1/5) D:15 Sewer (visited)

Altars:
Ashenzari
Cheibriados
Dithmenos
Elyvilon
Fedhas
Gozag
Hepliaklqana
Kikubaaqudgha
Makhleb
Nemelex Xobeh
Okawaru
Qazlal
Ru
Sif Muna
Trog
Uskayaw
Vehumet
Wu Jian
Xom
Yredelemnul
Zin
The Shining One
Jiyva

Shops:
D:8 =   D:10 (   D:11 :   Orc:2 (**[   Elf:1 }   Snake:1 :   Snake:2 =
Snake:3 }!   Depths:1 :

Annotations:
D:2 exclusion: adder
D:8 3 runed translucent doors, exclusion: 3 doors
D:10 1 exclusion
D:12 exclusion: downstairs
Lair:1 3 runed translucent doors, exclusion: 3 doors, Spazmo's ghost, journeyman DEFE
Lair:2 3 runed translucent doors, exclusion: 3 doors, Fannar; Mango's ghost, journeyman FoFi
Lair:6 exclusions: 4 oklob plants and 2 more exclusions
Snake:3 exclusions: downstairs and 1 more exclusion
Elf:2 3 runed translucent doors
Depths:1 3 runed translucent doors


Innate Abilities, Weirdness & Mutations

You cannot wear boots.
Your serpentine skin is tough. (AC +6)
You have supernaturally acute eyesight. (SInv)
Armour fits poorly on your strangely shaped body.
Your system is resistant to poisons. (rPois)
You cover ground very slowly.
You have a slow metabolism.
You can spit poison.
You can use your snake-like lower body to constrict enemies.
You have sharp fingernails.
You have a pair of small horns on your head.
Your magical capacity is very low. (-20% MP)
Your muscles are strong. (Str +2)


Message History

The deep troll claws you but does no damage. x2
The deep troll bites you but does no damage.
The deep troll barely misses you.
The deep troll claws you but does no damage.
The two-headed ogre closely misses you. The two-headed ogre barely misses you.
The deep troll bites you.
* * * LOW HITPOINT WARNING * * *
The deep troll barely misses you.
The deep troll claws you but does no damage.
The deep troll bites you!
* * * LOW HITPOINT WARNING * * *
The deep troll claws you but does no damage. x2
A two-headed ogre comes into view. It is wielding two +0 giant clubs.
You feel less invigorated.
You feel less confused. The deep troll bites you!
* * * LOW HITPOINT WARNING * * *
The deep troll claws you but does no damage.
The deep troll claws you!
You die...

### ## ###.. #.#
#...[ #..# # ......
#..##..## #.#.....
#.@##..####.##.....
###TT##§.##.#....#.#
#..Q.TDO§§.)......#.
###.#OOO§§.C.(.....(
##.#§O§...........
#....§§§§§Q.........
#####§§##TQ....##...
#.. #D§....###.≈
#..#..O.O....###


You could see a fire dragon, a tengu warrior, 2 two-headed ogres, an ogre mage,
3 deep trolls and an ogre.

Vanquished Creatures
  Mara (Elf:3)
  Bai Suzhen (Elf:3)
  Vashnia (Snake:4)
  Jorgrun (D:13)
  Rupert (D:14)
  A deep elf master archer (Elf:3)
  4 deep elf blademasters (Elf:3)
  A tentacled starspawn (Abyss:4)
  2 thorn hunters
  Agnes (D:15)
  Frances (Elf:1)
  Kirke (D:14)
  7 nagarajas
  Roxanne (D:15)
  Donald (Snake:4)
  2 fire giants (D:15)
  8 deep elf sorcerers
  Aizul (Snake:4)
  A deep elf elementalist (Elf:3)
  A stone giant (Depths:1)
  5 deep elf demonologists (Elf:3)
  2 very ugly things (Depths:1)
  A vampire knight (Depths:1)
  5 deep elf annihilators (Elf:3)
  A lorocyproca (Abyss:4)
  4 deep elf death magi (Elf:3)
  Snorg (D:14)
  8 deep elf high priests
  4 fire dragons
  A yaktaur captain (D:15)
  13 naga warriors
  24 hydras
  A shambling mangrove (Swamp:3)
  2 ice dragons
  6 anacondas
  A catoblepas (Lair:4)
  A queen ant (Snake:1)
  11 dancing weapons
  11 alligators
  5 centaur warriors
  2 deep troll shamans
  7 two-headed ogres
  10 tengu warriors
  Urug (D:11)
  9 naga sharpshooters
  2 thrashing horrors (Abyss:4)
  3 deep elf knights
  A sun demon (Abyss:4)
  6 shock serpents
  3 salamander mystics
  A wretched star (Abyss:4)
  An iron troll (D:15)
  2 deep trolls (D:15)
  10 naga ritualists
  A glowing orange brain (Lair:1)
  A spriggan druid (Swamp:4)
  A wizard (D:15)
  4 lindwurms
  An obsidian statue (D:13)
  11 deep elf archers
  11 swamp dragons
  A wolf spider zombie (D:15)
  4 harpies (D:13)
  4 orc knights
  An orc sorcerer (D:15)
  15 mana vipers
  14 ugly things
  A moth of wrath (D:10)
  2 cyclopes (D:15)
  A worldbinder (Abyss:3)
  45 deep elf magi
  3 manticores
  11 salamanders
  2 guardian serpents
  10 elephants (Lair:6)
  A water nymph (Snake:1)
  An ice statue (Lair:2)
  22 naga magi
  2 smoke demons (Abyss:4)
  4 gargoyles
  5 torpor snails
  37 black mambas
  9 spiny frogs
  An apocalypse crab (Abyss:4)
  An efreet (D:13)
  6 komodo dragons
  A yaktaur (D:15)
  11 rime drakes
  A freezing wraith (D:15)
  2 tengu conjurers (D:15)
  18 tyrant leeches
  A meliai (D:11)
  8 trolls
  5 polar bears
  11 blink frogs
  9 bog bodies
  A wolf spider simulacrum (D:15)
  21 hornets
  A hippogriff (shapeshifter) (D:14)
  19 hippogriffs
  7 dream sheep (Lair:6)
  20 slime creatures
  A meliai zombie (D:15)
  2 air elementals
  A vampire (D:15)
  3 shadows
  16 spriggans
  4 wraiths
  6 hogs
  2 large abominations (Abyss:4)
  A water elemental (Elf:3)
  A steam dragon (Lair:6)
  8 basilisks
  17 humans
  10 wyverns
  35 yaks
  7 fire elementals
  11 vampire mosquitoes
  3 neqoxecs (Abyss:4)
  A golden eye (shapeshifter) (Lair:5)
  2 hungry ghosts
  2 small abominations
  78 nagas
  3 wargs
  11 swamp worms
  3 acid dragons
  6 hell hounds
  A black bear (D:6)
  2 eyes of draining
  3 porcupines
  7 ice beasts
  3 sky beasts
  17 water moccasins
  14 swamp drakes
  38 orc warriors
  3 phantoms
  7 boggarts
  12 wolves
  13 crocodiles
  10 ogres
  22 centaurs
  4 big kobolds
  5 earth elementals
  19 bullfrogs
  2 water moccasin skeletons
  26 killer bees
  3 scorpions
  4 howler monkeys
  2 electric eels
  5 crimson imps
  A bullfrog zombie (D:11)
  3 centaur zombies
  A quasit (D:10)
  5 jellies
  14 orc priests
  A gnoll shaman (D:7)
  8 hounds
  20 orc wizards
  2 bullfrog skeletons
  3 centaur skeletons
  6 iguanas
  10 worker ants
  A killer bee zombie (D:6)
  A hound skeleton (D:11)
  5 gnolls (D:7)
  19 adders
  A river rat (D:4)
  8 shadow imps
  2 white imps (Lair:2)
  An adder zombie (D:8)
  An adder skeleton (D:8)
  3 worms
  11 leopard geckos
  72 orcs
  7 bats
  10 giant cockroaches
  5 goblins
  3 hobgoblins
  3 jackals (D:7)
  18 kobolds
  5 quokkas
  4 ball pythons
  14 frilled lizards
  A leopard gecko zombie (D:5)
  6 rats
  A crawling corpse (Elf:3)
  A plant (Lair:6)
1305 creatures vanquished.

Vanquished Creatures (collateral kills)
  An ettin (Depths:1)
  2 deep troll shamans (Depths:1)
  2 deep troll earth magi (Depths:1)
  4 deep trolls (Depths:1)
9 creatures vanquished.

Vanquished Creatures (others)
  A centaur warrior (D:13)
  A deep troll earth mage (Depths:1)
  2 deep elf archers (Elf:3)
  A cyclops (D:11)
  An ancient zyme (Abyss:4)
  A raiju (Abyss:3)
  A small abomination (Abyss:3)
  A human (D:14)
  A black bear (shapeshifter) (Abyss:4)
  An eye of draining (Abyss:3)
  23 fungi
  A lurking horror (Abyss:3)
  29 plants
  3 starspawn tentacles (Abyss:4)
67 creatures vanquished.

Grand Total: 1381 creatures vanquished

Notes
Turn   | Place    | Note
-------+----------+-------------------------------------------
     0 | D:1      | DrEnzyme the Naga Wanderer began the quest for the Orb.
     0 | D:1      | DrEnzyme set off with the following items: a +2 shortbow,
                  | 26 arrows, a +0 robe, a ration; and the following spells
                  | available to memorise: Magic Dart, Freeze, Stone Arrow,
                  | Ozocubu's Armour
     0 | D:1      | Reached XP level 1. HP: 19/19 MP: 2/2
    23 | D:1      | Learned a level 1 spell: Magic Dart
   265 | D:1      | Reached XP level 2. HP: 24/26 MP: 0/3
  1097 | D:2      | Found a burning altar of Makhleb.
  1099 | D:2      | Noticed a blizzard demon
  1103 | D:2      | Noticed a ynoxinul
  1103 | D:2      | Noticed an orange demon
  1526 | D:3      | Reached XP level 3. HP: 32/32 MP: 2/4
  2233 | D:3      | Reached skill level 2 in Bows
  2665 | D:4      | Reached XP level 4. HP: 36/39 MP: 5/5
  2764 | D:4      | Found a glowing drain.
  2769 | Sewer    | Entered a sewer
  3478 | D:4      | Reached XP level 5. HP: 30/45 MP: 7/7
  3511 | D:4      | Found a white marble altar of Elyvilon.
  4172 | D:4      | Learned a level 3 spell: Ozocubu's Armour
  4173 | D:5      | Entered Level 5 of the Dungeon
  4218 | D:5      | Found a staircase to the Ecumenical Temple.
  4226 | Temple   | Entered the Ecumenical Temple
  4364 | D:5      | Reached skill level 3 in Bows
  4565 | D:5      | Found a shadowy altar of Dithmenos.
  4889 | D:5      | Gained mutation: You occasionally shout uncontrollably at
                  | your foes. [potion of mutation]
  4889 | D:5      | Gained mutation: Your muscles are strong. (Str +2) [potion
                  | of mutation]
  4889 | D:5      | Gained mutation: You expend magic power (3 MP) to
                  | strengthen your wands. [potion of mutation]
  5384 | D:6      | Reached XP level 6. HP: 46/55 MP: 9/9
  5445 | D:6      | Noticed an orc warrior
  5447 | D:6      | an orc warrior changed into a bullfrog
  5601 | D:6      | Reached skill level 5 in Stealth
  5628 | D:6      | Reached skill level 4 in Bows
  5638 | D:6      | Reached XP level 7. HP: 42/61 MP: 4/10
  6065 | D:6      | Reached skill level 5 in Bows
  6085 | D:6      | Reached skill level 1 in Dodging
  6180 | D:6      | Reached XP level 8. HP: 55/69 MP: 11/11
  6589 | D:7      | Reached skill level 6 in Bows
  7308 | D:7      | Reached skill level 7 in Bows
  7329 | D:7      | Reached XP level 9. HP: 78/78 MP: 12/12
  7389 | D:7      | Reached skill level 8 in Bows
  7535 | D:7      | Found a shadowy altar of Dithmenos.
  7932 | D:8      | Found a runed translucent gate.
  7956 | D:8      | Found Doiducati's Jewellery Shoppe.
  7990 | D:8      | Found a runed translucent gate.
  7990 | D:8      | Found a runed translucent gate.
  7990 | D:8      | Noticed a red ugly thing
  7991 | D:8      | Noticed a glowing orange brain
  7991 | D:8      | Noticed a red ugly thing
  7991 | D:8      | Noticed a purple ugly thing
  8048 | D:8      | Noticed Psyche
  8049 | D:8      | Noticed Psyche
  8049 | D:8      | Psyche changed into Psyche the water moccasin
  8052 | D:8      | Killed Psyche the water moccasin
  8208 | D:8      | Reached skill level 9 in Bows
  8571 | D:9      | Reached XP level 10. HP: 77/87 MP: 13/13
  8864 | D:9      | Found a staircase to the Lair.
  9123 | D:9      | Reached skill level 10 in Bows
  9135 | D:9      | Found a glowing golden altar of the Shining One.
  9164 | D:9      | Paralysed by a hornet for 3 turns
  9339 | D:9      | Found a snail-covered altar of Cheibriados.
  9339 | D:9      | Found a stormy altar of Qazlal.
  9343 | D:9      | Became a worshipper of Cheibriados the Contemplative
  9451 | D:9      | Got a steaming war axe
  9452 | D:9      | Identified the +3 war axe "Hyobb" {speed, Int+2} (You found
                  | it on level 9 of the Dungeon)
  9633 | D:10     | Entered Level 10 of the Dungeon
  9923 | D:10     | Found a basalt altar of Yredelemnul.
 10039 | D:10     | Reached skill level 5 in Fighting
 10074 | D:10     | Noticed a two-headed ogre
 10086 | D:10     | Killed a two-headed ogre
 10086 | D:10     | Reached skill level 1 in Invocations
 10152 | D:10     | Found Letradithru's Antique Weapon Shoppe.
 10275 | D:10     | Reached * piety under Cheibriados
 10313 | D:10     | Noticed a gargoyle
 10324 | D:10     | Reached skill level 10 in Stealth
 10353 | D:10     | Killed a gargoyle
 10545 | D:10     | Found a staircase to the Orcish Mines.
 10815 | D:11     | Noticed a two-headed ogre
 10827 | D:11     | Killed a two-headed ogre
 10827 | D:11     | Reached skill level 11 in Bows
 10827 | D:11     | Reached XP level 11. HP: 96/96 MP: 4/14
 10840 | D:11     | Noticed a centaur warrior
 10906 | D:11     | Noticed a seven-headed hydra
 10914 | D:10     | Killed a seven-headed hydra
 10914 | D:10     | Reached skill level 5 in Evocations
 11004 | D:11     | Noticed Urug
 11045 | D:11     | Noticed a two-headed ogre
 11045 | D:11     | Noticed a white ugly thing
 11123 | Lair:1   | Entered Level 1 of the Lair of Beasts
 11123 | Lair:1   | Found a runed translucent gate.
 11123 | Lair:1   | Found a runed translucent gate.
 11123 | Lair:1   | Found a runed translucent gate.
 11123 | Lair:1   | Noticed a ten-headed hydra
 11123 | Lair:1   | Noticed Spazmo's ghost (journeyman DEFE)
 11310 | Lair:1   | Noticed a seven-headed hydra
 11319 | Lair:1   | Killed a seven-headed hydra
 11584 | Lair:1   | Noticed Nergalle
 11587 | Lair:1   | Noticed Nergalle
 11587 | Lair:1   | Nergalle changed into Nergalle the glowing orange brain
 11595 | Lair:1   | Killed Nergalle the glowing orange brain
 11865 | Lair:1   | You fall into a shaft and drop 1 floor!
 11866 | Lair:2   | Noticed a five-headed hydra
 11881 | Lair:2   | Killed a five-headed hydra
 11881 | Lair:2   | Reached skill level 12 in Bows
 11908 | Lair:2   | Reached ** piety under Cheibriados
 12247 | Lair:2   | Found a staircase to the Snake Pit.
 12705 | Lair:2   | Found a runed translucent gate.
 12705 | Lair:2   | Found a runed translucent gate.
 12705 | Lair:2   | Found a runed translucent gate.
 12706 | Lair:2   | Noticed a nine-headed hydra
 12707 | Lair:2   | Noticed Mango's ghost (journeyman FoFi)
 12724 | Lair:2   | Noticed a 12-headed hydra
 13227 | Lair:2   | Reached XP level 12. HP: 105/105 MP: 15/15
 13304 | Lair:2   | Noticed an ice dragon
 13634 | Orc:1    | Entered Level 1 of the Orcish Mines
 13634 | Orc:1    | Found a frozen archway.
 13634 | Orc:1    | Noticed a two-headed ogre
 14308 | Lair:3   | Reached *** piety under Cheibriados
 14586 | Lair:4   | Reached skill level 13 in Bows
 14763 | Lair:4   | Noticed an eight-headed hydra
 14775 | Lair:4   | Killed an eight-headed hydra
 14925 | Lair:4   | Noticed a catoblepas
 14945 | Lair:4   | Killed a catoblepas
 14945 | Lair:4   | Reached skill level 5 in Invocations
 15127 | Lair:4   | Noticed an eight-headed hydra
 15128 | Lair:4   | Noticed a five-headed hydra
 15149 | Lair:4   | Found an ornate altar of the Wu Jian Council.
 15391 | Lair:4   | Killed a five-headed hydra
 15391 | Lair:4   | Reached **** piety under Cheibriados
 15767 | Lair:4   | Killed an eight-headed hydra
 15767 | Lair:4   | Reached skill level 14 in Bows
 15963 | Lair:4   | Gained mutation: You can use your snake-like lower body to
                  | constrict enemies. [Naga growth]
 15963 | Lair:4   | Reached XP level 13. HP: 115/115 MP: 17/17
 16101 | Lair:5   | Noticed Josephine
 16108 | Lair:5   | Noticed Josephine
 16108 | Lair:5   | Josephine changed into Josephine the glowing shapeshifter
 18075 | Orc:2    | Entered Level 2 of the Orcish Mines
 18078 | Orc:2    | Reached skill level 5 in Armour
 18376 | Orc:2    | Found a staircase to the Elven Halls.
 19377 | Orc:1    | Reached ***** piety under Cheibriados
 21189 | Orc:2    | Found Nuvixy's General Store.
 21189 | Orc:2    | Found Falar's Assorted Antiques.
 21191 | Orc:2    | Found Gygo's Antique Weapon Emporium.
 21193 | Orc:2    | Found Baroenyz's Armour Shop.
 21198 | Orc:2    | Bought a scroll of teleportation for 108 gold pieces
 21205 | Orc:2    | Bought a +2 pair of gloves of archery for 301 gold pieces
 21223 | Orc:2    | Bought a long silver wand for 144 gold pieces
 21502 | Lair:2   | Noticed Fannar
 21552 | Lair:2   | Killed an ice dragon
 21619 | Lair:2   | Found a staircase to the Swamp.
 21779 | Snake:1  | Entered Level 1 of the Snake Pit
 22435 | Snake:1  | Reached XP level 14. HP: 62/127 MP: 17/20
 22689 | Snake:1  | Reached skill level 15 in Bows
 23068 | Snake:1  | Found Peak's Book Emporium.
 23159 | Snake:1  | Noticed Louise
 23181 | Snake:1  | Noticed Louise
 23181 | Snake:1  | Louise changed into Louise the queen ant
 23197 | Snake:1  | Killed Louise the queen ant
 23711 | Swamp:1  | Entered Level 1 of the Swamp
 23743 | Swamp:1  | Cast into level 3 of the Abyss (spriggan rider)
 23891 | Abyss:3  | Noticed a tentacled starspawn
 23909 | Abyss:3  | Noticed a starcursed mass
 24913 | Abyss:3  | Noticed an ironheart preserver
 25045 | Abyss:3  | Noticed a bone dragon
 25072 | Abyss:4  | Found a corrupted altar of Lugonu.
 25074 | Abyss:4  | Noticed a lorocyproca
 25091 | Abyss:4  | Killed a lorocyproca
 25296 | Abyss:4  | Noticed a tentacled starspawn
 25823 | Abyss:4  | Noticed a tentacled starspawn
 25834 | Abyss:4  | Killed a tentacled starspawn
 26098 | Abyss:4  | Gained mutation: You often lose your temper in combat. [a
                  | neqoxec]
 26109 | Abyss:4  | Noticed a starcursed mass
 26264 | Abyss:4  | Gained mutation: Your spells are a little easier to cast,
                  | but a little less powerful. [a neqoxec]
 26266 | Abyss:4  | Gained mutation: You are frail. (-10% HP) [a neqoxec]
 26309 | Abyss:4  | Noticed a starcursed mass
 26331 | Swamp:1  | Escaped the Abyss
 26477 | Lair:2   | Lost mutation: You tend to lose your temper in combat.
                  | [potion of mutation]
 26477 | Lair:2   | Lost mutation: You expend magic power (3 MP) to strengthen
                  | your wands. [potion of mutation]
 26477 | Lair:2   | Gained mutation: Your magical capacity is low. (-10% MP)
                  | [potion of mutation]
 26477 | Lair:2   | Gained mutation: You are partially covered in large bone
                  | plates. (SH +4) [potion of mutation]
 26478 | Lair:2   | Lost mutation: You are partially covered in large bone
                  | plates. (SH +4) [potion of mutation]
 26478 | Lair:2   | Lost mutation: You occasionally shout uncontrollably at
                  | your foes. [potion of mutation]
 26478 | Lair:2   | Lost mutation: You are frail. (-10% HP) [potion of
                  | mutation]
 26478 | Lair:2   | Gained mutation: You are occasionally teleported next to
                  | monsters. [potion of mutation]
 26478 | Lair:2   | Gained mutation: You have sharp fingernails. [potion of
                  | mutation]
 26479 | Lair:2   | Lost mutation: Your spells are a little easier to cast, but
                  | a little less powerful. [potion of mutation]
 26479 | Lair:2   | Gained mutation: Your magical capacity is very low. (-20%
                  | MP) [potion of mutation]
 26479 | Lair:2   | Gained mutation: Your spells are a little harder to cast,
                  | but a little more powerful. [potion of mutation]
 26480 | Lair:2   | Lost mutation: You are occasionally teleported next to
                  | monsters. [potion of mutation]
 26480 | Lair:2   | Lost mutation: Your spells are a little harder to cast, but
                  | a little more powerful. [potion of mutation]
 26480 | Lair:2   | Gained mutation: You have a pair of small horns on your
                  | head. [potion of mutation]
 26597 | Snake:2  | Noticed a nagaraja
 26749 | Snake:2  | Reached XP level 15. HP: 97/138 MP: 17/17
 26763 | Snake:2  | Reached skill level 10 in Fighting
 27207 | Snake:2  | Found Tyojes's Jewellery Shop.
 27210 | Snake:2  | Bought a +5 amulet of reflection for 576 gold pieces
 27210 | Snake:2  | Bought the ring of the Mage {Wiz MR++ Int+3} for 723 gold
                  | pieces
 27210 | Snake:2  | Found the ring of the Mage {Wiz MR++ Int+3}
 27516 | Lair:5   | Reached skill level 16 in Bows
 27830 | Lair:5   | Noticed Josephine
 27832 | Lair:5   | Noticed Josephine
 27832 | Lair:5   | Josephine the yak changed into Josephine the golden eye
 27839 | Lair:5   | Killed Josephine the golden eye
 28304 | Lair:6   | Entered Level 6 of the Lair of Beasts
 28828 | Lair:6   | Found a viscous altar of Jiyva.
 28829 | Lair:6   | Found a staircase to the Slime Pits.
 29080 | Lair:6   | Reached skill level 10 in Invocations
 29323 | Lair:6   | Found a runed translucent door.
 29474 | Lair:6   | Reached skill level 15 in Stealth
 30705 | Snake:2  | Reached XP level 16. HP: 147/148 MP: 19/19
 30794 | Snake:2  | Killed a nagaraja
 31740 | Snake:3  | Found a sparkling altar of Nemelex Xobeh.
 31763 | Snake:4  | Entered Level 4 of the Snake Pit
 31834 | Snake:3  | Reached skill level 17 in Bows
 31981 | Snake:3  | Found Zakaz's Gadget Emporium.
 31987 | Snake:3  | Found Lologg's Distillery.
 31999 | Snake:3  | Bought a wand of paralysis (5) for 84 gold pieces
 33421 | Snake:4  | Noticed Vashnia
 33432 | Snake:4  | Noticed Donald
 33449 | Snake:4  | Killed Vashnia
 34338 | Swamp:1  | Reached skill level 1 in Maces & Flails
 34351 | Swamp:1  | Reached XP level 17. HP: 158/158 MP: 10/20
 35021 | Swamp:1  | Got a pair of shimmering gloves
 35023 | Swamp:1  | Identified the +1 pair of gloves "Tale" {rElec rPois rF++
                  | Int-2} (You found it on level 1 of the Swamp)
 36836 | D:11     | Killed Urug
 36931 | D:11     | Reached skill level 18 in Bows
 37255 | D:11     | Learned a level 2 spell: Blink
 37324 | D:11     | Found Yschaol's Book Emporium.
 37849 | D:12     | Reached ****** piety under Cheibriados
 38404 | D:13     | Found a gate to the Vaults.
 39369 | Snake:4  | Killed Donald
 40243 | Snake:4  | Noticed Aizul
 40760 | Snake:4  | Killed Aizul
 40760 | Snake:4  | Reached XP level 18. HP: 132/170 MP: 21/21
 41300 | Snake:4  | Got a serpentine rune of Zot
 41391 | Snake:3  | Bought a lamp of fire for 480 gold pieces
 42286 | Swamp:4  | Entered Level 4 of the Swamp
 42636 | Swamp:4  | Reached skill level 19 in Bows
 43342 | Swamp:4  | Reached skill level 10 in Armour
 43446 | Swamp:4  | Got a decaying rune of Zot
 44056 | D:13     | Got an ichor-stained robe
 44067 | D:13     | Identified the cursed +1 robe of Qazlal's Outrage {rF+
                  | Dex+4} (You found it on level 13 of the Dungeon)
 44343 | D:13     | Noticed Jorgrun
 44359 | D:13     | Killed Jorgrun
 44633 | D:14     | Noticed Snorg
 44639 | D:14     | Killed Snorg
 44659 | D:14     | Noticed Rupert
 44666 | D:14     | Killed Rupert
 44744 | D:14     | Got a translucent turquoise ring
 44745 | D:14     | Identified the ring of Xom's Passing Interest {rPois rF+
                  | rC+ Int+9} (You found it on level 14 of the Dungeon)
 44814 | D:14     | Noticed Kirke
 44827 | D:14     | Killed Kirke
 45211 | D:14     | Reached XP level 19. HP: 166/181 MP: 16/22
 45716 | D:15     | Entered Level 15 of the Dungeon
 46061 | D:15     | Identified Roxanne's Volume of the Rocks
 46061 | D:15     | Noticed Roxanne
 46086 | D:15     | Killed Roxanne
 46556 | D:15     | Noticed Agnes
 46566 | D:15     | Killed Agnes
 46760 | D:15     | Found a staircase to the Depths.
 47332 | Elf:1    | Entered Level 1 of the Elven Halls
 47517 | Elf:1    | Found Covua's Gadget Emporium.
 48107 | Elf:1    | Noticed Frances
 48120 | Elf:1    | Killed Frances
 48414 | Elf:2    | Found a runed translucent gate.
 48414 | Elf:2    | Found a runed translucent gate.
 48420 | Elf:2    | Found a runed translucent gate.
 48464 | Elf:2    | Reached skill level 20 in Bows
 48833 | Elf:3    | Entered Level 3 of the Elven Halls
 49099 | Elf:3    | Noticed Mara
 49105 | Elf:3    | Killed Mara
 49425 | Elf:3    | Identified the +4 mace of Baim {elec, Str+4}
 49448 | Elf:3    | Reached XP level 20. HP: 94/192 MP: 8/23
 49736 | Elf:3    | Reached skill level 10 in Evocations
 50166 | Elf:3    | Noticed Bai Suzhen
 50195 | Elf:3    | Killed Bai Suzhen
 50555 | Elf:3    | Identified the +6 broad axe "Hell-Harrower" {chop, rPois
                  | rC+ Int+4}
 50565 | Elf:3    | Identified the +3 leather armour "Usiluel" {rElec rCorr
                  | Str-2 Int+4}
 50570 | Elf:3    | Identified the ring of Sovereignty {*Tele rF+}
 50667 | Elf:3    | Identified the +13 storm dragon scales of the Depths {rElec
                  | Slay+2}
 52376 | Elf:3    | Reached skill level 15 in Fighting
 52399 | Elf:3    | Identified the Tome of Flying Intoxication
 52468 | Elf:3    | Identified the Almanac of Stones and Calling
 52497 | Elf:3    | Identified the Collected Works on Bewitching Ice
 52502 | Elf:3    | Identified the Volume of Quantum Self-Improvement
 52890 | Snake:3  | Bought a potion of mutation for 120 gold pieces
 52890 | Snake:3  | Bought a potion of curing for 45 gold pieces
 52890 | Snake:3  | Bought a potion of curing for 45 gold pieces
 52890 | Snake:3  | Bought a potion of curing for 45 gold pieces
 52890 | Snake:3  | Bought a potion of resistance for 150 gold pieces
 52890 | Snake:3  | Bought a potion of mutation for 120 gold pieces
 52890 | Snake:3  | Bought a potion of brilliance for 60 gold pieces
 52890 | Snake:3  | Bought a potion of might for 60 gold pieces
 52890 | Snake:3  | Bought a potion of might for 60 gold pieces
 54409 | Depths:1 | Entered Level 1 of the Depths
 55156 | Depths:1 | Found a runed translucent gate.
 55156 | Depths:1 | Found a runed translucent gate.
 55156 | Depths:1 | Found a runed translucent gate.
 55202 | Depths:1 | Found Gusm's Book Shop.
 55226 | Depths:1 | HP: 8/194 [deep troll (12)]
 55226 | Depths:1 | Slain by a deep troll

Levels and vault maps discovered:
D:1:      scummos_arrival_simple_fountains, layout_loops_corners
D:2:      layout_loops_ring, makhleb_altar_promises_db, first_ration,
          minmay_misc_feat_rugged
D:3:      minmay_angry_zag, layout_basic, kennysheep_cluttered_room,
          grunt_ministairs_9
D:4:      layout_loops_corners, portal_sewer_entry_e, elyvilon_altar_4
D:5:      layout_layer_cave, nicolae_overflow_hidden_temple,
          minmay_temple_entry_statues_fountains
D:6:      layout_basic, item_on_display_a
D:7:      layout_basic, basic_altar, grunt_livestock
D:8:      cheibrodos_helix_gallery, layout_cave_pools, serial_shops, shop,
          ploomutoo_gammafunk_ghost_potion_laboratory, uniq_psyche
D:9:      layout_loops_ring, gammafunk_temple_overflow_wave, david_lair_generic,
          small_statue_intersection, statue_in_the_mist_lemuel,
          minmay_misc_feat_encased, nicolae_tso_carved_into_rock
D:10:     layout_roguey, david_orc_2, serial_shops, shop_fountains,
          yredelemnul_altar_generic
D:11:     cheibrodos_fzero, layout_cave_pools, serial_shops,
          nicolae_shop_behind_doors, minmay_lizard_king, uniq_urug
D:12:     layout_loops_ring
D:13:     minmay_statue_hallways, layout_rooms, david_vaults_3,
          hangedman_aviary, uniq_jorgrun
D:14:     layout_long_grid, infiniplex_staircase_door_maze, uniq_kirke,
          uniq_rupert, uniq_snorg
D:15:     grunt_enter_depths_hoard, layout_basic, serial_bayou_pond_e,
          minmay_pinched_square, uniq_roxanne, uniq_agnes
Temple:   compressed_dpeg_circular_temple
Lair:1:   layout_cave_pods, gammafunk_ghost_hydra_chop, uniq_nergalle
Lair:2:   layout_chaotic_city, minmay_swamp_entry_swarm,
          guppyfry_snake_entry_island, gammafunk_ghost_hydra_chop, ice2_lemuel,
          uniq_fannar
Lair:3:   layout_gridlike, minivault_25
Lair:4:   layout_long_grid, special_room [special_room_mythical_zoo],
          basic_altar
Lair:5:   kb_forest_paths, layout_layer_cave, uniq_josephine
Lair:6:   guppyfry_lair_end_dragon, layout_gridlike, wormcave, slime_altar_1,
          minivault_19, serial_bayou_ford_a, minmay_lair_oklob_chamber
Swamp:1:  layout_basic_swamp, infiniplex_staircase_pool_2
Swamp:2:  layout_basic_swamp, evilmike_swamp_ruin_rubble_1
Swamp:3:  layout_basic_swamp, evilmike_swamp_ruin_house_1, swamp_pool3
Swamp:4:  swamp_alternative, layout_basic_swamp, swamp_pool5
Snake:1:  cheibrodos_snake_ritualist_ritual, layout_misc_corridors,
          serial_shops, shop, st_stairs_7, uniq_louise
Snake:2:  layout_basic, serial_shops, nicolae_shop_behind_doors, st_stairs_11
Snake:3:  layout_onion_interference, basic_altar, st_stairs_13, minmay_shop_star
Snake:4:  minmay_snake_end_coiled, layout_rooms, hangedman_snake_corridor_cut,
          uniq_aizul, uniq_vashnia, uniq_donald
Orc:1:    layout_caves, portal_ice_cave_entry_pillars_2
Orc:2:    st_orc_rangers, layout_caves
Elf:1:    eino_elf_arrival_sip, layout_geoelf_octagon, serial_shops,
          nicolae_shop_behind_doors, hangedman_elf_represent,
          grunt_ministairs_12, uniq_frances
Elf:2:    layout_onion_city
Elf:3:    minmay_elf_hall_not_hex, layout_gridlike, grunt_megastairs_3,
          uniq_bai_suzhen, uniq_mara
Depths:1: constructs_gauntlet_mu_hangedman, layout_twisted_cross, hell_entry,
          serial_shops, shop, minmay_misc_feat_nine_boxes, pandoras_box_mu

Skill      XL: |  1  2  3  4  5  6  7  8  9 10 11 12 13 14 15 16 17 18 19 20 |
---------------+-------------------------------------------------------------+-----
Stealth        | 2 3 4 5 6 7 9 10 11 12 14 15 16 | 16.3
Bows           | 2 3 4 5 7 9 11 12 14 15 16 17 18 19 20 | 20.9
Spellcasting   | 2 |  2.1
Evocations     | 2 3 4 5 7 8 9 10 | 10.9
Fighting       | 3 4 5 6 7 8 9 10 11 12 13 14 15 | 15.1
Dodging        | 1 2 3 |  3.8
Armour         | 2 3 4 5 7 8 9 10 11 | 11.4
Invocations    | 2 4 6 8 9 10 11 12 | 12.8
Maces & Flails | 1 |  1.4
Conjurations   | |  2.7
Translocations | |  0.3

Action                   |  1- 3 |  4- 6 |  7- 9 | 10-12 | 13-15 | 16-18 | 19-21 || total
-------------------------+-------+-------+-------+-------+-------+-------+-------++-------
Melee: Constrict         |       |       |       |       |     1 |     1 |       ||     2
       Morningstar       |       |       |       |       |     1 |       |       ||     1
       Dire flail        |       |       |       |       |       |     6 |       ||     6
       Headbutt          |       |       |       |       |       |     4 |       ||     4
       Longbow           |       |       |       |       |       |       |     1 ||     1
 Fire: Shortbow          |    54 |   112 |   289 |   758 |  1425 |  1901 |   713 ||  5252
       Longbow           |       |       |       |       |       |       |   425 ||   425
Throw: Throwing net      |       |       |       |       |     1 |       |       ||     1
 Cast: Magic Dart        |    59 |    37 |       |       |       |       |       ||    96
       Blink             |       |       |       |       |       |     3 |       ||     3
Invok: Slouch            |       |       |       |     1 |    19 |    23 |    16 ||    59
       Bend Time         |       |       |       |       |     3 |       |       ||     3
       Temporal Distorti |       |       |       |       |       |       |     6 ||     6
 Abil: Spit Poison       |       |     9 |    27 |    27 |     6 |       |       ||    69
Evoke: Wand              |       |     4 |     7 |    19 |    21 |     2 |     3 ||    56
       Lamp of fire      |       |       |       |       |       |       |     1 ||     1
       Phial of floods   |       |       |       |       |       |       |     1 ||     1
       Phantom mirror    |       |       |       |       |       |       |     1 ||     1
  Use: Scroll            |     5 |    12 |     9 |    18 |    17 |    12 |    17 ||    90
       Potion            |       |     2 |     2 |     3 |    10 |     3 |    12 ||    32
  Eat: Chunk             |     7 |     9 |     7 |    16 |    18 |    12 |    11 ||    80
       Ration            |       |       |     1 |       |     2 |     5 |     4 ||    12
Armor: Robe              |    13 |    19 |    23 |       |       |       |       ||    55
       Chain mail        |       |       |    29 |   237 |   518 |   335 |   245 ||  1364
       Storm dragon scal |       |       |       |       |       |       |   195 ||   195
Dodge: Dodged            |    21 |    33 |    64 |    98 |   263 |   141 |   124 ||   744
Block: Other             |       |       |       |       |    25 |    90 |    75 ||   190
       Reflection        |       |       |       |       |       |    19 |     5 ||    24

Table legend:
 A = Non-vault XP
 B = Vault XP
 C = Vault XP percentage of total XP
 D = Non-vault monster count
 E = Vault monster count
 F = Vault count percentage of total count
                 A         B        C        D         E       F
            +---------+---------+-------+---------+---------+-------
      Total |  270309 |  215502 |  44.4 |     904 |     413 |  31.4
            +---------+---------+-------+---------+---------+-------
        D:1 |      15 |       0 |   0.0 |       9 |       0 |   0.0
        D:2 |      14 |       0 |   0.0 |       8 |       0 |   0.0
        D:3 |      25 |       9 |  26.5 |      14 |       4 |  22.2
        D:4 |     117 |      36 |  23.5 |      10 |       8 |  44.4
        D:5 |      57 |       0 |   0.0 |       4 |       0 |   0.0
        D:6 |    1084 |       0 |   0.0 |      34 |       0 |   0.0
        D:7 |    1242 |     982 |  44.2 |      26 |       5 |  16.1
        D:8 |     732 |     233 |  24.1 |      18 |       2 |  10.0
        D:9 |    1334 |     765 |  36.4 |      12 |       4 |  25.0
       D:10 |    6075 |     402 |   6.2 |      37 |       8 |  17.8
       D:11 |    8372 |    5155 |  38.1 |      55 |      24 |  30.4
       D:12 |    6460 |    5069 |  44.0 |      42 |      18 |  30.0
       D:13 |    2744 |   10874 |  79.9 |      21 |      12 |  36.4
       D:14 |   11484 |    6398 |  35.8 |      40 |       5 |  11.1
       D:15 |   17619 |   12781 |  42.0 |      38 |      19 |  33.3
     Lair:1 |    2382 |     736 |  23.6 |      10 |       1 |   9.1
     Lair:2 |    3597 |    3852 |  51.7 |      16 |      17 |  51.5
     Lair:3 |    1175 |       0 |   0.0 |       6 |       0 |   0.0
     Lair:4 |    5536 |    6366 |  53.5 |      21 |      20 |  48.8
     Lair:5 |    5569 |    5810 |  51.1 |      21 |      26 |  55.3
     Lair:6 |   12667 |   12464 |  49.6 |      45 |      35 |  43.8
    Swamp:1 |   12155 |       0 |   0.0 |      33 |       0 |   0.0
    Swamp:2 |    9983 |       0 |   0.0 |      23 |       0 |   0.0
    Swamp:3 |   17798 |       0 |   0.0 |      38 |       0 |   0.0
    Swamp:4 |    4946 |   15867 |  76.2 |      13 |      22 |  62.9
    Snake:1 |   14844 |    4148 |  21.8 |      34 |       7 |  17.1
    Snake:2 |   23479 |    2565 |   9.8 |      46 |       4 |   8.0
    Snake:3 |   10994 |     809 |   6.9 |      22 |       1 |   4.3
    Snake:4 |   19108 |   37872 |  66.5 |      42 |      60 |  58.8
      Orc:1 |    1773 |    2341 |  56.9 |      23 |      13 |  36.1
      Orc:2 |    1529 |    3105 |  67.0 |      25 |      27 |  51.9
      Elf:1 |    9795 |   10495 |  51.7 |      18 |      13 |  41.9
      Elf:2 |    6484 |    1826 |  22.0 |      14 |       2 |  12.5
      Elf:3 |   25010 |   64500 |  72.1 |      41 |      38 |  48.1
   Depths:1 |   11260 |       0 |   0.0 |      18 |       0 |   0.0
    Abyss:3 |     538 |       0 |   0.0 |       1 |       0 |   0.0
    Abyss:4 |   12313 |       0 |   0.0 |      26 |       0 |   0.0
      Sewer |       0 |      42 | 100.0 |       0 |      18 | 100.0
            +---------+---------+-------+---------+---------+-------
